 Dungeon Crawl Stone Soup version 0.30-a0-141-g30f27751c5 (webtiles) character file.

Game seed: 2427399647558945294

214 qw the Chopper (level 5, 0/33 HPs)
             Began as a Gargoyle Fighter on Sept 25, 2022.
             Slain by Pargi (1 damage)
             ... in a sewer.
             The game lasted 00:01:19 (3230 turns).

qw the Chopper (Gargoyle Fighter)                   Turns: 3230, Time: 00:01:20

Health: 0/33       AC: 14    Str: 22    XL:     5   Next: 92%
Magic:  5/5        EV:  4    Int:  8    God:
Gold:   41         SH:  4    Dex:  9    Spells: 4/4 levels left

rFire   . . .      SeeInvis +    Y - +2 war axe (freeze)
rCold   . . .      Faith    .    c - +0 buckler
rNeg    + . .      Spirit   .    f - +0 chain mail
rPois   inf        Reflect  .    b - +0 helmet {SInv}
rElec   +          Harm     .    l - scarf {repulsion}
rCorr   .          Rampage  .    (no gloves)
Will    .....                    (no boots)
Stlth   ..........               (no amulet)
HPRegen 0.11/turn                (no ring)
MPRegen 0.09/turn                (no ring)

@: constricted, repel missiles, very slow
A: sickness immunity, AC +4, negative energy resistance 1, electricity
resistance, torment resistance 1, petrification resistance
a: no special abilities


You were in a sewer.
You visited 1 branch of the dungeon, and saw 4 of its levels.
You also visited: Sewer.

You collected 211 gold pieces.
You spent 170 gold pieces at shops.


Innate Abilities, Weirdness & Mutations

You are immune to sickness and miasma.
Your stone body is resilient. (AC +4)
You are immune to poison.
You resist negative energy. (rN+)
You are resistant to electric shocks. (rElec)
You are resistant to unholy torment.
You are immune to petrification.


   Skills:
 + Level 3.7 Fighting
 - Level 5.2 Axes
 - Level 3.2 Armour
 - Level 3.2 Shields


You had 4 spell levels left.
You didn't know any spells.
Your spell library was empty.

Inventory:

Hand Weapons
 j - a +0 flail
 Y - a +2 war axe of freezing (weapon)
Missiles
 p - 2 boomerangs (quivered)
Armour
 b - a +0 helmet of see invisible (worn)
 c - a +0 buckler (worn)
 f - a +0 chain mail (worn)
 h - a +1 helmet
 l - a scarf of repulsion (worn)
Potions
 a - a potion of heal wounds {unknown}
 d - a potion of might
 e - a potion of magic {unknown}
 g - a potion of degeneration {unknown}
 i - a potion of haste {unknown}
 k - 5 potions of curing
 n - a potion of resistance {unknown}
 o - a potion of flight {unknown}

Dungeon Overview and Level Annotations

Branches:
Dungeon (4/15)              Sewer (1/1)
 Temple: D:4-7

Altars:

Shops:
D:4 ?

Annotations:
Sewer Pargi


Message History

You kill the frilled lizard!
Pargi completely misses you. Pargi claws you. You block Pargi's attack.
You hit Pargi. You freeze Pargi.
Pargi is moderately wounded.
You block Pargi's attack. Pargi claws you. Pargi claws you but does no damage.
Your unstable footing causes you to fumble your attack.
You block Pargi's attack. Pargi claws you but does no damage. x2
You barely miss Pargi.
Pargi is lightly wounded.
Pargi hisses menacingly.
Pargi bites you but does no damage. Pargi claws you but does no damage. x2
Pargi bites you but does no damage. Pargi claws you but does no damage.
Pargi barely misses you.
You barely miss Pargi.
Pargi is lightly wounded.
The ball python hisses angrily.
Pargi completely misses you. x2; Pargi claws you but does no damage.
You closely miss Pargi.
Pargi is lightly wounded.
Pargi bites you but does no damage. You block Pargi's attack.
Pargi closely misses you.
You barely miss Pargi.
Pargi is lightly wounded.
Pargi bites you. Pargi claws you but does no damage. x2
You miss Pargi.
Pargi is lightly wounded.
You hit the ball python but do no damage.
Pargi bites you but does no damage. Pargi claws you. Pargi barely misses you.
The ball python completely misses you. The ball python grabs you.
The ball python constricts you. You block Pargi's attack.
Pargi barely misses you. Pargi claws you but does no damage.
You barely miss the ball python. You closely miss Pargi.
You block the ball python's attack. The ball python constricts you.
The ball python bites you but does no damage.
The ball python constricts you. Pargi bites you.
Pargi claws you but does no damage. You block Pargi's attack.
You closely miss the ball python. You barely miss Pargi.
The ball python bites you. The ball python constricts you.
You block Pargi's attack. Pargi claws you but does no damage. Pargi claws you.
You die...

~~~~~~..## ###~~
~~~~~~~~~~~~####
#~~ ~~~~~~~~~~.#
##. ~~~~~~~~~#
## ~~~~~~~~#
~~~~~~~~#
~~~~~~~~.
~~~~~~~T#######!
~~~~~~~~@~..~.~.
#
~~~~~~~S#######?
# ~~~~~~~%# #.
~~~~~~.## ##
~~~~~~~###
~~~~~~~~.# #
~~~~~~~~~# ..
~~~~~~~~.# #.~
~~~~~~~~~~~~#
~.~


You could see Pargi and a ball python.

Vanquished Creatures
  A scorpion (D:4)
  An iguana (D:4)
  Robin (D:4)
  An adder (Sewer)
  A gnoll (D:1)
  A worm (D:3)
  2 dart slugs
  5 orcs (D:4)
  5 endoplasms
  5 giant cockroaches (D:4)
  10 goblins
  9 hobgoblins
  4 jackals (D:3)
  5 quokkas
  12 ball pythons
  5 bats
  7 frilled lizards
  5 kobolds
  7 rats
87 creatures vanquished.

Vanquished Creatures (others)
  A plant (D:1)
1 creature vanquished.

Grand Total: 88 creatures vanquished

Notes
Turn   | Place    | Note
-------+----------+-------------------------------------------
     0 | D:1      | qw the Gargoyle Fighter began the quest for the Orb.
     0 | D:1      | Reached XP level 1. HP: 14/14 MP: 1/1
     0 | D:1      | 0 ||| qw: Version: 0.2-a-10-g399e6c4
     0 | D:1      | 0 ||| qw: Game counter: 360
     0 | D:1      | 0 ||| qw: Always use a shield: true
     0 | D:1      | 0 ||| qw: God list: Okawaru
     0 | D:1      | 0 ||| qw: Allow faded altars: false
     0 | D:1      | 0 ||| qw: Do Orc after D:15 true
     0 | D:1      | 0 ||| qw: Do second Lair branch before Depths: true
     0 | D:1      | 0 ||| qw: Lair rune preference: random
     0 | D:1      | 0 ||| qw: Plans: Normal, Zot:1-4, God:TSO, Crypt, Tomb,
                  | Pan, Slime:5, Hells, Abyss, Orb
     0 | D:1      | 0 ||| PLANNING D:1-11
    21 | D:1      | Reached skill level 2 in Axes
   231 | D:1      | Reached XP level 2. HP: 19/19 MP: 2/2
   571 | D:1      | 571 ||| Stepping ~*~*~tactically~*~*~ (stealth).
   573 | D:1      | 573 ||| Stepping ~*~*~tactically~*~*~ (stealth).
   579 | D:1      | Reached skill level 3 in Axes
   579 | D:1      | Reached XP level 3. HP: 9/23 MP: 3/3
   788 | D:1      | 788 ||| DROPPING +0 club.
  1031 | D:1      | Found a faded altar of an unknown god.
  1180 | D:1      | 1180 ||| UPGRADING to +0 helmet.
  1185 | D:1      | 1185 ||| READING scroll labelled MUJEZI ALAME.
  1186 | D:1      | 1186 ||| READING scroll labelled CAIDUN REGANA.
  1187 | D:1      | 1187 ||| READING scroll labelled GIACETESER.
  1288 | D:1      | 1288 ||| READING scroll labelled EGACEY CUNEESS.
  1289 | D:1      | 1289 ||| READING scroll labelled XAFETO DIGACER.
  1290 | D:1      | 1290 ||| READING 2 scrolls labelled WITRAUM WUESTI.
  1425 | D:2      | 1425 ||| Stepping ~*~*~tactically~*~*~ (stealth).
  1789 | D:2      | 1789 ||| UPGRADING to +0 chain mail.
  1799 | D:2      | 1799 ||| DROPPING +0 scale mail.
  1800 | D:2      | 1800 ||| READING scroll labelled NAHEPL FIAWNO.
  1801 | D:2      | 1801 ||| DRINKING 2 amethyst potions.
  2206 | D:3      | 2206 ||| Stepping ~*~*~tactically~*~*~ (hiding).
  2212 | D:3      | Reached XP level 4. HP: 28/28 MP: 4/4
  2689 | D:3      | 2689 ||| UPGRADING to scarf of repulsion.
  2694 | D:3      | 2694 ||| READING scroll labelled ZIASOY HOYTH.
  2753 | D:4      | 2753 ||| PLANNING SEWER
  2756 | D:4      | 2756 ||| STAIRDANCE
  2764 | D:4      | 2764 ||| STAIRDANCE
  2800 | D:4      | Found Mafieshro's Magic Scroll Boutique.
  2805 | D:4      | 2805 ||| BUYING scroll of brand weapon (95 gold).
  2805 | D:4      | Bought a scroll of brand weapon for 95 gold pieces
  2805 | D:4      | 2805 ||| BUYING scroll of enchant armour (75 gold).
  2805 | D:4      | Bought a scroll of enchant armour for 75 gold pieces
  2805 | D:4      | 2805 ||| SHOPLISTING scroll of identify (20 gold, have 0).
  2805 | D:4      | 2805 ||| READING scroll of brand weapon.
  2805 | D:4      | 2805 ||| BRANDING +1 war axe.
  2806 | D:4      | 2806 ||| READING scroll of enchant armour.
  2806 | D:4      | 2806 ||| ENCHANTING +0 helmet.
  2839 | D:4      | Noticed Robin
  2842 | D:4      | Reached skill level 4 in Axes
  2852 | D:4      | Killed Robin
  2885 | D:4      | 2885 ||| FLEEEEING.
  2886 | D:4      | 2886 ||| FLEEEEING.
  2887 | D:4      | 2887 ||| FLEEEEING.
  2888 | D:4      | 2888 ||| FLEEEEING.
  2889 | D:4      | 2889 ||| FLEEEEING.
  2890 | D:4      | 2890 ||| FLEEEEING.
  2892 | D:4      | 2892 ||| FLEEEEING.
  2893 | D:4      | 2893 ||| FLEEEEING.
  2895 | D:4      | 2895 ||| FLEEEEING.
  2896 | D:4      | 2896 ||| FLEEEEING.
  2897 | D:4      | 2897 ||| FLEEEEING.
  2996 | D:4      | Reached XP level 5. HP: 32/32 MP: 5/5
  3013 | D:4      | Reached skill level 5 in Axes
  3039 | D:4      | 3039 ||| SWAPPING to +2 war axe of freezing.
  3040 | D:4      | 3040 ||| DROPPING +1 war axe of chaos.
  3064 | D:4      | Found a glowing drain.
  3071 | D:4      | 3071 ||| UPGRADING to +0 helmet of see invisible.
  3081 | D:4      | 3081 ||| READING 2 scrolls labelled NUIR KAHIFE.
  3082 | D:4      | 3082 ||| DROPPING scroll of immolation.
  3095 | Sewer    | Entered a sewer
  3108 | Sewer    | 3108 ||| Stepping ~*~*~tactically~*~*~ (water).
  3127 | Sewer    | Noticed Pargi
  3147 | Sewer    | HP: 5/33 [Pargi (6)]
  3148 | Sewer    | 3148 ||| READING 5 scrolls of teleportation.
  3154 | Sewer    | 3154 ||| READING 4 scrolls of teleportation.
  3161 | Sewer    | 3161 ||| READING 3 scrolls of teleportation.
  3164 | Sewer    | 3164 ||| READING 2 scrolls of teleportation.
  3168 | Sewer    | 3168 ||| READING scroll of teleportation.
  3169 | Sewer    | HP: 7/33 [Pargi (1)]
  3227 | Sewer    | HP: 5/33 [Pargi (5)]
  3229 | Sewer    | HP: 2/33 [Pargi (1)]
  3230 | Sewer    | Slain by Pargi

Levels and vault maps discovered:
D:1:      ncdulo_wetmaze, layout_basic, ebering_ecumenical_altar_sacrificial,
          serial_forest, infiniplex_forest_end_2, infiniplex_forest_straight_3,
          infiniplex_forest_clump_curved, infiniplex_forest_end_2,
          infiniplex_forest_clump_C, infiniplex_forest_clump_diagonal
D:2:      layout_rooms
D:3:      layout_loops_ring
D:4:      layout_rooms, vehumet_crystals, serial_shops, nicolae_diamond_shop,
          portal_sewer_entry_f, uniq_robin
Sewer:    sewer_co_pargi_island

Skill      XL: |  1  2  3  4  5 |
---------------+----------------+-----
Axes           | 2 3 4 5 |  5.2
Fighting       | |  3.7
Armour         | |  3.2
Shields        | |  3.2

Action                   |  1- 3 |  4- 6 || total
-------------------------+-------+-------++-------
Melee: War axe           |   120 |   145 ||   265
Throw: Boomerang         |       |    13 ||    13
  Use: Scroll            |     7 |     9 ||    16
       Potion            |     1 |       ||     1
Armor: Scale mail        |    44 |       ||    44
       Chain mail        |    23 |   135 ||   158
Dodge: Dodged            |    48 |    74 ||   122
Block: Buckler           |    27 |    49 ||    76

Table legend:
 A = Non-vault XP
 B = Vault XP
 C = Vault XP percentage of total XP
 D = Non-vault monster count
 E = Vault monster count
 F = Vault count percentage of total count
                 A         B        C        D         E       F
            +---------+---------+-------+---------+---------+-------
      Total |     239 |      68 |  22.1 |      63 |      24 |  27.6
            +---------+---------+-------+---------+---------+-------
        D:1 |      49 |       0 |   0.0 |      22 |       0 |   0.0
        D:2 |      14 |       0 |   0.0 |       9 |       0 |   0.0
        D:3 |      30 |       0 |   0.0 |      17 |       0 |   0.0
        D:4 |     146 |      47 |  24.4 |      15 |      17 |  53.1
      Sewer |       0 |      21 | 100.0 |       0 |       7 | 100.0
            +---------+---------+-------+---------+---------+-------
